AoeStats
← Rjscarton

Black Forest

508032705Analyzed
4v4 RM · 12d ago on Sep 20, 2026· 50m 43s· 8 players
Game mode
Random Map
Map size
Large (8 player)
Population
200
Speed
Normal
Resources
Standard
Victory
Conquest
Starting age
Dark Age
Ending age
Imperial Age
RankedLock teamsTeams togetherTeam positionsShared explorationLock speedFull tech treeHidden civsTurbo modeCheats
Victory
Defeat
🇨🇴 Hindustanis · Colombia
944
+16
🇪🇸 Maya · Spain
935
+16
🇨🇱 Bengalis · Chile
927
+17
🇨🇿 Italians · Czechia
906
+17
🇷🇺 Huns · Russia
1008
-47
🇨🇴 Saracens · Colombia
990
-19
🇧🇷 Persians · Brazil
963
-17
🇹🇼 Poles · Taiwan
795
-11
Declan
0:31 Loom
13:41 Feudal Age
14:02 Horse Collar
14:09 Double-Bit Axe
15:02 Wheelbarrow
19:43 Castle Age
27:23 Imperial Age
25:37 Heavy Plow
26:00 Bow Saw
27:04 Caravan
28:46 Conscription
28:20 Fletching
28:31 Padded Archer Armor
30:19 Hand Cart
32:35 Bodkin Arrow
32:56 Leather Archer Armor
32:46 Elite Plumed Archer
34:53 Two-Man Saw
34:20 Bracer
35:10 Crop Rotation
35:11 Ballistics
36:48 Chemistry
36:27 Squires
35:47 Eagle Warrior
37:04 Ring Archer Armor
37:21 Thumb Ring
38:08 Elite Eagle Warrior
39:02 Arson
39:21 Scale Mail Armor
39:32 Forging
39:43 Town Watch
40:19 Gold Mining
40:19 Stone Mining
41:24 Holcans
41:55 Chain Mail Armor
42:16 Iron Casting
43:07 Plate Mail Armor
43:29 Onager
JoseAli
0:40 Loom
12:49 Feudal Age
17:39 Castle Age
15:45 Double-Bit Axe
18:46 Wheelbarrow
23:30 Town Watch
26:40 Horse Collar
27:26 Fervor
29:56 Gold Mining
31:24 Bow Saw
31:25 Heavy Plow
33:57 Imperial Age
31:41 Bloodlines
31:31 Husbandry
32:16 Hand Cart
31:55 Stone Mining
33:05 Husbandry
33:57 Thumb Ring
33:13 Elite Skirmisher
33:17 Light Cavalry
34:27 Caravan
35:25 Scale Barding Armor
35:30 Forging
35:21 Padded Archer Armor
34:46 Heavy Camel Rider
38:04 Imperial Camel Rider
39:53 Iron Casting
41:48 Chemistry
41:09 Ballistics
46:06 Conscription
49:27 Grand Trunk Road
52:02 Blast Furnace
51:23 Chain Barding Armor
51:22 Leather Archer Armor
Rjscarton
1:21 Loom
14:10 Feudal Age
18:57 Castle Age
18:26 Horse Collar
18:37 Double-Bit Axe
19:35 Wheelbarrow
24:41 Bow Saw
25:41 Bloodlines
25:35 Husbandry
27:53 Gambesons
28:08 Squires
28:45 Heavy Plow
28:57 Scale Mail Armor
30:44 Padded Archer Armor
30:34 Fletching
30:55 Forging
31:01 Chain Mail Armor
30:51 Town Watch
32:06 Hand Cart
35:52 Imperial Age
33:27 Town Patrol
34:05 Gold Mining
34:05 Stone Mining
35:28 Arson
35:04 Pikeman
36:38 Leather Archer Armor
36:22 Bodkin Arrow
38:16 Conscription
38:57 Bracer
39:27 Ring Archer Armor
39:34 Iron Casting
39:04 Scale Barding Armor
40:42 Two-Man Saw
39:24 Elite Elephant Archer
41:19 Paiks
42:17 Gold Shaft Mining
42:15 Ballistics
42:02 Siege Engineers
41:45 Treadmill Crane
43:06 Chemistry
42:43 Crop Rotation
42:15 Halberdier
43:41 Chain Barding Armor
44:21 Blast Furnace
45:31 Mahayana
Chillpia
0:26 Loom
12:42 Feudal Age
13:44 Double-Bit Axe
15:04 Wheelbarrow
14:52 Fletching
22:20 Castle Age
23:52 Hand Cart
24:11 Horse Collar
24:46 Bow Saw
26:48 Heavy Plow
36:21 Imperial Age
35:49 Town Watch
35:37 Pikeman
36:18 Squires
35:57 Man-at-Arms
36:43 Scale Mail Armor
36:55 Forging
36:53 Bodkin Arrow
37:13 Masonry
37:00 Murder Holes
37:26 Ballistics
38:00 Chain Mail Armor
38:42 Hoardings
37:37 Long Swordsman
39:15 Town Patrol
41:01 Caravan
41:36 Bodkin Arrow
41:25 Two-Handed Swordsman
42:37 Padded Archer Armor
42:52 Chain Mail Armor
42:50 Forging
42:54 Bracer
43:47 Conscription
44:44 Padded Archer Armor
46:01 Plate Mail Armor
46:07 Iron Casting
49:02 Champion
DSLG | Jorg3.M
0:27 Loom
14:34 Feudal Age
19:50 Castle Age
19:02 Double-Bit Axe
18:58 Horse Collar
19:11 Stone Mining
19:11 Gold Mining
21:26 Caravan
23:44 Gold Shaft Mining
25:25 Fervor
33:11 Imperial Age
31:17 Wheelbarrow
30:28 Town Watch
31:37 Heavy Plow
32:00 Bow Saw
32:20 Forging
32:10 Scale Mail Armor
33:32 Bimaristan
34:33 Scale Barding Armor
35:04 Iron Casting
34:52 Conscription
37:50 Two-Man Saw
37:42 Chain Barding Armor
38:22 Blast Furnace
39:15 Elite Mameluke
40:02 Husbandry
40:13 Bloodlines
41:50 Sanctity
45:25 Plate Barding Armor
45:51 Blast Furnace
44:15 Elite Skirmisher
45:01 Thumb Ring
45:14 Padded Archer Armor
45:04 Fletching
46:54 Chemistry
46:14 Ballistics
49:22 Leather Archer Armor
49:02 Bodkin Arrow
Mineirinha
0:46 Loom
0:53 Loom
13:08 Feudal Age
19:16 Castle Age
27:21 Double-Bit Axe
27:19 Horse Collar
29:31 Bow Saw
33:12 Imperial Age
31:36 Caravan
31:50 Forging
31:40 Scale Mail Armor
32:40 Wheelbarrow
32:17 Heavy Plow
32:32 Stone Mining
32:34 Gold Mining
35:05 Two-Man Saw
34:54 Wheelbarrow
35:50 Pikeman
36:30 Squires
37:27 Halberdier
38:08 Squires
41:03 Stone Shaft Mining
42:06 Scale Barding Armor
43:32 Hand Cart
44:45 Conscription
45:19 Iron Casting
46:07 Hoardings
45:50 Chain Mail Armor
47:32 Elite War Elephant
藍采和
10:39 Feudal Age
14:15 Castle Age
12:20 Horse Collar
13:18 Double-Bit Axe
21:19 Wheelbarrow
22:33 Hand Cart
23:32 Loom
23:49 Heavy Plow
24:03 Bow Saw
23:46 Gold Mining
26:53 Gold Shaft Mining
30:33 Imperial Age
28:28 Scale Barding Armor
28:34 Forging
29:09 Bloodlines
30:57 Husbandry
30:40 Cavalier
31:44 Chain Barding Armor
31:33 Pikeman
32:50 Iron Casting
32:53 Conscription
32:34 Paladin
32:57 Halberdier
34:23 Plate Barding Armor
34:11 Squires
33:56 Arson
36:01 Ballistics
36:42 Chemistry
37:33 Light Cavalry
38:17 Scale Mail Armor
39:17 Blast Furnace
42:10 Caravan
43:51 Chain Mail Armor
43:00 Hussar
EPD_LieGiO
13:09 Feudal Age
14:01 Double-Bit Axe
14:50 Horse Collar
21:23 Castle Age
19:26 Man-at-Arms
20:58 Arson
23:11 Forging
26:29 Gold Mining
27:57 Husbandry
28:37 Iron Casting
29:58 Bow Saw
32:03 Caravan
33:14 Masonry
34:03 Bloodlines
34:45 Scale Barding Armor
37:12 Imperial Age
36:00 Wheelbarrow
37:39 Hand Cart
37:59 Cavalier
40:36 Blast Furnace
39:57 Chain Barding Armor
45:29 Masonry
45:19 Murder Holes
45:42 Light Cavalry
46:26 Winged Hussar
Connection lost

Rejoining the realm…

Still unreachable

The connection could not be restored.

Session expired

The server has moved on; the page needs a fresh start.